 Dungeon Crawl Stone Soup version 0.31.0-32-g396128a36d (webtiles) character file.

Game seed: 2553428024001118795

746 CaptainMV the Chopper (level 7, -1/52 HPs)
             Began as a Demonspawn Wanderer on Apr 17, 2024.
             Slain by a centaur (4 damage)
             ... on level 6 of the Dungeon.
             The game lasted 00:21:02 (2514 turns).

CaptainMV the Chopper (Demonspawn Wanderer)         Turns: 2514, Time: 00:21:03

Health: -1/52      AC:  5    Str: 16    XL:     7   Next: 48%
Magic:  9/9        EV: 12    Int: 14    God:
Gold:   194        SH:  0    Dex: 12    Spells: 6/9 levels left

rFire   . . .        a - +2 hand axe (venom)
rCold   . . .        (no shield)
rNeg    + . .        j - +2 robe of the Albatross {rN+ Str+3}
rPois   .            (no helmet)
rElec   .            r - +0 cloak
rCorr   .            (no gloves)
SInv    .            (no boots)
Will    .....        l - amulet of magic regeneration
Stlth   ++           (no ring)
HPRegen 0.28/turn    (no ring)
MPRegen 0.51/turn

%: no passive effects
@: invisible
A: hooves 2, powered by death 1, spiny 1, weakness stinger 1
a: no special abilities


You were on level 6 of the Dungeon.
You visited 1 branch of the dungeon, and saw 6 of its levels.

You collected 194 gold pieces.

Inventory:

Hand Weapons
 a - a +2 hand axe of venom (weapon)
 c - a +0 dagger
Missiles
 m - 18 poisoned darts (quivered)
 n - 4 silver javelins
Armour
 e - a +1 leather armour
 j - the +2 robe of the Albatross (worn) {rN+ Str+3}
   (You found it on level 2 of the Dungeon)

   Str+3:     It affects your strength (+3).
   rN+:       It protects you from negative energy.
 r - a +0 cloak (worn)
Magical Staves
 b - the staff "Impbane" {Fly rPois rC+ Int+2 Dex-2 Alchemy}
   (You found it on level 3 of the Dungeon)

   [staff of alchemy]

   Base accuracy: +5 Base damage: 5 Base attack delay: 1.2 This weapon's minimum
   attack delay (0.6) is reached at skill level 12.
   Int+2:     It affects your intelligence (+2).
   Dex-2:     It affects your dexterity (-2).
   rC+:       It protects you from cold.
   rPois:     It protects you from poison Fly: It grants you flight.
   Alchemy:   It increases the power of your Alchemy spells.
   It falls into the 'Staves' category.
   It is a one-handed weapon.
Jewellery
 l - an amulet of magic regeneration (around neck)
Talismans
 h - a flux talisman
Wands
 o - a wand of flame (18)
 q - a wand of charming (9)
Scrolls
 g - a scroll of torment
 s - a scroll of identify
Potions
 d - a potion of attraction
 i - a potion of brilliance
 k - a potion of curing {unknown}


   Skills:
 + Level 3.1 Fighting
 + Level 6.4 Axes
 + Level 1.0 Throwing
 + Level 1.5 Armour
 + Level 2.8 Dodging
 + Level 1.6 Stealth
 + Level 1.6 Spellcasting
 + Level 2.3 Translocations
 + Level 1.0 Evocations


You had 6 spell levels left.
You knew the following spells:

 Your Spells              Type           Power      Damage    Failure   Level
b - Gell's Gravitas       Tloc           7%         N/A       28%         3

Your spell library contained the following spells:

 Spells                   Type           Power      Damage    Failure   Level
 Apportation              Tloc           14%        N/A       10%         1
 Blink                    Tloc           14%        N/A       14%         2
 Lesser Beckoning         Tloc           14%        N/A       14%         2
 Shock                    Conj/Air       4%         1d3       24%         1
 Momentum Strike          Conj/Tloc      8%         3d8       24%         2
 Call Canine Familiar     Summ           1%         N/A       58%         3
 Dazzling Flash           Conj/Hex       2%         N/A       58%         3
 Mephitic Cloud           Conj/Alch/Air  1%         N/A       58%         3
 Ozocubu's Armour         Ice            1%         N/A       58%         3
 Sigil of Binding         Hex            1%         N/A       58%         3
 Swiftness                Air            1%         N/A       58%         3
 Dimensional Bullseye     Hex/Tloc       2%         N/A       83%         4
 Summon Forest            Summ/Tloc      2%         N/A       99%         5
 Curse of Agony           Necr           1%         N/A       100%        5
 Metabolic Englaciation   Hex/Ice        0%         N/A       100%        5
 Silence                  Hex/Air        0%         N/A       100%        5
 Sculpt Simulacrum        Ice/Alch       0%         N/A       100%        6


Dungeon Overview and Level Annotations

Branches:
Dungeon (6/15)             Temple (0/1) D:6

Altars:


Innate Abilities, Weirdness & Mutations

You have hoof-like feet.
You regenerate a little health from kills.
You are partially covered in sharp spines.
You have a small tail.


Message History

Things that are here:
a +1 vampiric dagger; a +0 robe; an orc corpse The centaur unwields a +0 shortbow.
The centaur is struck by your spines. The centaur closely misses you.
The centaur barely misses you. Something hits you but does no damage.
Your magical contamination has completely faded away.
You barely miss the centaur. You kick the centaur.
Your tail-slap misses the centaur.
The centaur is moderately wounded.
You barely miss something. You hit something. The centaur hits you.
* * * LOW HITPOINT WARNING * * *
The centaur kicks you but does no damage.
Something completely misses you. Something hits you.
* * * LOW HITPOINT WARNING * * *
You feel much better. The centaur hits you.
The centaur kicks you but does no damage.
The orc wizard hits you with a +0 dagger.
Something hits you but does no damage.
You hear some strange, mumbled words.
A magic dart appears from out of thin air!
The magic dart hits you. The centaur hits you.
The centaur kicks you but does no damage.
You barely miss something.
You hit the orc wizard but do no damage.
You barely miss the centaur. You completely miss something.
The centaur barely misses you. The centaur closely misses you.
Something hits you. Something shocks you.
* * * LOW HITPOINT WARNING * * *
The orc wizard casts a spell at you. The magic dart hits you.
* * * LOW HITPOINT WARNING * * *
You hear some strange, mumbled words.
A magic dart appears from out of thin air!
The magic dart hits you!
* * * LOW HITPOINT WARNING * * *
You are too confused!
You fade into invisibility!
You feel less confused.
Reactivating autopickup.
You feel a bit more experienced. The centaur hits you.
You die...

##........##.
.####..........
.............#.
..[.........## .
...!........# ..
...........## ..$
............###....
#>...##...c........
######...@)o.......
#....o)........
......#..........
.#.####).......## .
#. #.........# !
#.##...##.#
#.##...##... ..
......... ...
..>......


You could see a centaur (unable to see you), an orc wizard (unable to see you)
and an orc (unable to see you).

Vanquished Creatures
  Prince Ribbit (D:5)
  An ogre (D:4)
  2 scorpions (D:5)
  2 bombardier beetles
  A hound (D:5)
  A jelly (D:4)
  An orc priest (D:6)
  An iguana (D:5)
  2 orc wizards
  3 adders
  4 ufetubi (D:5)
  A dart slug (D:2)
  10 orcs
  6 ball pythons
  3 endoplasms
  A giant cockroach (D:4)
  9 goblins
  7 hobgoblins
  4 jackals (D:2)
  4 kobolds
  3 quokkas
  5 bats
  3 frilled lizards
  7 rats
82 creatures vanquished.

Vanquished Creatures (others)
  An orc wizard (D:6)
1 creature vanquished.

Grand Total: 83 creatures vanquished

Notes
Turn   | Place    | Note
-------+----------+-------------------------------------------
     0 | D:1      | CaptainMV the Demonspawn Wanderer began the quest for the
                  | Orb.
     0 | D:1      | CaptainMV set off with the following items: a +2 hand axe,
                  | 8 poisoned darts, a +0 dagger, a potion of attraction, a +0
                  | leather armour; and the following spell memorised:
                  | Apportation; and the following spells available to
                  | memorise: Gell's Gravitas.
     0 | D:1      | Reached XP level 1. HP: 15/15 MP: 2/2
   223 | D:1      | Reached skill level 4 in Axes
   380 | D:1      | Found a faded altar of an unknown god.
   395 | D:1      | Discovered your monstrous ancestry.
   395 | D:1      | Gained mutation: You have large cloven feet. [demonic
                  | ancestry]
   395 | D:1      | Reached XP level 2. HP: 21/21 MP: 3/3
   822 | D:2      | Gained mutation: You regenerate a little health from kills.
                  | [demonic ancestry]
   822 | D:2      | Reached XP level 3. HP: 26/26 MP: 4/4
   853 | D:2      | Identified the +2 robe of the Albatross {rN+ Str+3}
  1090 | D:3      | Gained mutation: You are partially covered in sharp spines.
                  | [demonic ancestry]
  1090 | D:3      | Reached XP level 4. HP: 26/32 MP: 5/5
  1100 | D:3      | Learned a level 3 spell: Gell's Gravitas
  1165 | D:3      | Reached skill level 1 in Dodging
  1231 | D:3      | Identified the staff "Impbane" {Fly rPois rC+ Int+2 Dex-2
                  | Alchemy}
  1298 | D:3      | Reached skill level 1 in Armour
  1478 | D:4      | Noticed an ogre
  1487 | D:4      | Killed an ogre
  1488 | D:4      | Reached skill level 5 in Axes
  1488 | D:4      | Reached XP level 5. HP: 15/38 MP: 6/6
  1494 | D:4      | Got the Quarto of the Voltaic Boggart
  1761 | D:5      | Entered Level 5 of the Dungeon
  1792 | D:5      | Noticed Prince Ribbit
  1799 | D:5      | Gained mutation: You have hoof-like feet. [demonic
                  | ancestry]
  1799 | D:5      | Reached XP level 6. HP: 37/44 MP: 7/7
  1818 | D:5      | Killed Prince Ribbit
  1819 | D:5      | Reached skill level 1 in Stealth
  1846 | D:5      | Reached skill level 6 in Axes
  1858 | D:5      | Gained mutation: You have a small tail. [demonic ancestry]
  1858 | D:5      | Reached XP level 7. HP: 42/51 MP: 4/9
  2498 | D:6      | Found a staircase to the Ecumenical Temple.
  2514 | D:6      | Slain by a centaur

Illustrated notes

Levels and vault maps discovered:
D:1:      ncdulo_smallfort, layout_loops_cross, chequers_ecumenical_altar_twisty
D:2:      layout_basic
D:3:      layout_rooms
D:4:      layout_rooms
D:5:      layout_basic, uniq_prince_ribbit1
D:6:      layout_cave_pools, minmay_temple_entry_stoned_glass, enter_ossuary_4,
          serial_shops, nicolae_shop_industrial_runoff, serial_column_ruins,
          column_ruins_hut, column_ruins_open_medium,
          column_ruins_open_tiny_water, column_ruins_grid_1,
          column_ruins_open_small, column_ruins_open_small,
          nicolae_elevator_lobby_plus

Skill      XL: |  1  2  3  4  5  6  7 |
---------------+----------------------+-----
Axes           | 4 5 6 |  6.4
Dodging        | 1 2 |  2.8
Armour         | 1 |  1.5
Fighting       | 2 3 |  3.1
Stealth        | 1 |  1.6
Translocations | 2 |  2.3
Throwing       | |  1.0
Spellcasting   | |  1.6
Evocations     | |  1.0

Action                     |  1- 3 |  4- 6 |  7- 9 || total
---------------------------+-------+-------+-------++-------
  Melee: Hand axe          |    75 |    71 |     8 ||   154
         Kick              |    11 |    21 |     7 ||    39
         Staff             |       |       |    16 ||    16
         Tailslap          |       |       |     3 ||     3
   Cast: Gell's Gravitas   |       |     3 |       ||     3
    Use: Scroll            |     3 |     5 |       ||     8
         Potion            |       |       |     2 ||     2
 Armour: Leather armour    |    42 |       |       ||    42
         Robe              |    13 |    37 |    38 ||    88
  Dodge: Dodged            |    54 |    29 |    28 ||   111
